 Dungeon Sprint DCSS version 0.32-a0-711-g016ad743e0 (webtiles) character file.

Game seed: 17904021343593667026

8092 Revguard the Fetichist (level 11, -1/93 (96) HPs)
             Began as a Coglin Gladiator on Mar 15, 2024.
             Was the Champion of Wu Jian.
             Hit by a large rock thrown by a stone giant (15 damage)
             ... in the Dungeon (Sprint V: "Ziggurat Sprint").
             The game lasted 00:09:24 (789 turns).

Revguard the Fetichist (Coglin Gladiator)            Turns: 789, Time: 00:09:24

HP:   -1/93 (96)    AC: 29    Str: 14    XL:     11   Next: 25%
MP:   11/11         EV: 18    Int:  8    God:    Wu Jian [******]
Gold: 12            SH:  0    Dex: 22    Spells: 10/10 levels left

rFire   + . .        y - +11 Screaming Sword {sonic wave}
rCold   + . .        J - +2 scimitar (heavy) {Tomás}
rNeg    . . .        x - +5 gold dragon scales
rPois   +            I - +2 hat {SInv}
rElec   .            C - +0 cloak "Osant" {Dex+2}
rCorr   .            D - +1 pair of gloves {hurl}
SInv    +            (no boots)
Will    .....        (amulet unavailable) Stlth
                     (ring unavailable)
HPRegen 0.35/turn    (ring unavailable)
MPRegen 0.12/turn    (no gizmo)

%: no teleportation
@: exhausted, in a heavenly storm, glowing, lightly drained, invisible (but
backlit and visible) (expiring), revved
A: off-hand wielding, slow wielding, warmup strikes, no jewellery
a: Invent Gizmo, Renounce Religion, Wall Jump, Serpent's Lash, Heavenly Storm


You were in the Dungeon.
You worshipped Wu Jian.
Wu Jian was exalted by your worship.
You visited 1 branch You collected 12 gold pieces.

Inventory:

Hand Weapons
 a - a +0 long sword {Bunsong}
 f - a +0 dagger {Kamaljyot}
 p - the +7 falchion "Q" {spect, rF+ Dex+2}
   (You found it in the Dungeon)

   Dex+2:     It affects your dexterity (+2).
   rF+:       It protects you from fire.
 y - the +11 Screaming Sword (weapon) {sonic wave}
   (You found it in the Dungeon)
 z - a +5 dagger {Laurinda}
 J - a +2 heavy scimitar (offhand) {Tomás}
Missiles
 d - 3 throwing nets (quivered)
 e - a javelin
Armour
 b - a +0 leather armour
 c - a +0 helmet
 x - +5 gold dragon scales (worn)
 C - the +0 cloak "Osant" (worn) {Dex+2}
   (You found it in the Dungeon)

   Dex+2:     It affects your dexterity (+2).
 D - a +1 pair of gloves of hurling (worn)
 I - a +2 hat of see invisible (worn)
Wands
 v - a wand of mindburst (7)
 w - a wand of quicksilver (12)
 E - a wand of flame (37)
 G - a wand of charming (2)
 H - a wand of roots (7)
Scrolls
 l - 3 scrolls of blinking
 r - 4 scrolls of amnesia
 s - 7 scrolls of fog
 t - 5 scrolls of identify
 u - 2 scrolls of fear
 F - a scroll of brand weapon
Potions
 g - 10 potions of curing
 h - 2 potions of heal wounds
 i - 6 potions of haste
 j - 7 potions of magic
 k - 3 potions of berserk rage
 m - 2 potions of brilliance
 n - a potion of invisibility
 o - 4 potions of resistance
 q - 5 potions of might
Miscellaneous
 A - a phantom mirror
 B - a box of beasts


   Skills:
 + Level 12.3 Fighting
 + Level 12.8 Long Blades
 - Level 1.7 Throwing
 + Level 11.4 Armour
 + Level 11.6 Dodging
 + Level 15.5 Evocations


You had 10 spell levels left.
You didn't know any spells.
Your spell library contained the following spells:

 Spells                   Type           Power      Damage    Failure   Level
 Summon Small Mammal      Summ           0%         N/A       100%        1
 Fugue of the Fallen      Necr           0%         N/A       100%        3
 Ozocubu's Armour         Ice            0%         N/A       100%        3
 Passwall                 Erth           0%         N/A       100%        3
 Summon Ice Beast         Ice/Summ       0%         N/A       100%        3
 Manifold Assault         Tloc           0%         N/A       100%        4
 Summon Mana Viper        Hex/Summ       0%         N/A       100%        5
 Bombard                  Conj/Erth      0%         9d1       100%        6
 Malign Gateway           Summ/Tloc      0%         N/A       100%        7
 Monstrous Menagerie      Summ           0%         N/A       100%        7
 Summon Horrible Things   Summ           0%         N/A       100%        8


Dungeon Overview and Level Annotations

Branches:
Dungeon (1/1)

Altars:
Ashenzari
Cheibriados
Dithmenos
Elyvilon
Fedhas
Gozag
Hepliaklqana
Kikubaaqudgha
Makhleb
Nemelex Xobeh
Okawaru
Qazlal
Ru
Sif Muna
Trog
Uskayaw
Vehumet
Wu Jian
Xom
Yredelemnul
Zin
The Shining One
Beogh
Jiyva
Lugonu

Annotations:
D 1 transporter


Innate Abilities, Weirdness & Mutations

You can wield a second weapon in your off-hand.
It takes a long time for you to wield or remove held weapons.
Your first few attacks do less damage.
You cannot equip rings or amulets.


Message History

The shadow dragon closely misses you. The shadow dragon claws you!
* * * LOW HITPOINT WARNING * * *
The vault guard hits you but does no damage.
Unknown command.
You feel much better.
The stone giant throws a large rock.
The large rock hits you!
* * * LOW HITPOINT WARNING * * *
The shadow dragon breathes negative energy at you.
The bolt of negative energy misses you. The vault guard closely misses you.
The vault guard hits you with a +0 great sword.
* * * LOW HITPOINT WARNING * * *
Aiming: Wall Jump
Press: ? - help, Dir - move target You repeatedly attack the vault guard from above.
You slice the vault guard with the +11 Screaming Sword!!
The vault guard is almost dead.
You barely miss the vault guard with your +2 heavy scimitar.
You slash the vault guard with your +2 heavy scimitar!
You kill the vault guard!
The Council accepts your kill.
You repeatedly attack the shadow dragon from above.
You slash the shadow dragon with the +11 Screaming Sword!
You kill the shadow dragon!
The Council accepts your kill.
You repeatedly attack the vault guard from above.
You chop the vault guard into pieces with your +2 heavy scimitar!!!
You kill the vault guard!
The Council accepts your kill.
You repeatedly attack the stone giant from above.
You open the stone giant like a pillowcase with the +11 Screaming Sword!!!
The stone giant is heavily wounded.
You slice the stone giant with your +2 heavy scimitar!!
You slice the stone giant with the +11 Screaming Sword!!
The stone giant is almost dead.
You slice the stone giant with your +2 heavy scimitar!!
You kill the stone giant!
The Council accepts your kill.
You flicker for a moment.
The stone giant throws a large rock.
The large rock hits you!
You die...

▓...ß©ß...▓...ß©ß...▓
▓..)./:|..▓..)).....▓
▓..)[=|/..▓.[).|)...▓
▓....)....▓)).).....▓
▓.........▓.........▓
▓....○☼☼§§▓.........▓
▓..§○pC☼○☼▓.........▓
▓..§§§°C○○▓.........▓
▓.▓°§@°☼▓§▓....©....▓
▓..°○☼§○☼§▓▓▓▓▓▓▓▓▓▓▓
▓▓▓▓▓▓▓▓▓▓▓


You could see 2 stone giants and a vault guard.

Vanquished Creatures
  Gastronok (D)
  A shadow dragon (D)
  A stone giant (D)
  Harold (D)
  4 vault guards (D)
  A deep elf archer (D)
  2 deep elf pyromancers (D)
  Maurice (D)
  Joseph (D)
  2 rime drakes (D)
  A yaktaur (D)
  3 wind drakes (D)
  9 air elementals (D)
  Sigmund (D)
  A water elemental (D)
  A fire elemental (D)
  2 steam dragons (D)
  Edmund (D)
  2 acid dragons (D)
  A swamp drake (D)
  3 orc warriors (D)
  2 weeping skulls (D)
  Blork the orc (D)
  Dowan (D)
  A crimson imp (D)
  4 orc priests (D)
  An iron imp (D)
  Jessica (D)
  Ijyb (D)
  5 orcs (D)
  A ball python skeleton (D)
  A spectral weapon (D)
59 creatures vanquished.

Vanquished Creatures (collateral kills)
  Grinder (D)
  Grum (D)
  Menkaure (D)
3 creatures vanquished.

Vanquished Creatures (others)
  A spectral weapon (D)
1 creature vanquished.

Grand Total: 63 creatures vanquished

Notes
Turn   | Place    | Note
-------+----------+-------------------------------------------
     0 | D        | Revguard the Coglin Gladiator began the quest for the Orb.
     0 | D        | Reached XP level 1. HP: 16/16 MP: 1/1
     0 | D        | Found a shimmering blue altar of Sif Muna.
     0 | D        | Found a bloodstained altar of Trog.
     0 | D        | Found a sacrificial altar of Ru.
     0 | D        | Found a stormy altar of Qazlal.
     0 | D        | Found an iron altar of Okawaru.
     1 | D        | Found a sparkling altar of Nemelex Xobeh.
     1 | D        | Found a blossoming altar of Fedhas.
     1 | D        | Found the +6 Majin-Bo {spellvamp, MP+6 Int+6}
     1 | D        | Found the +27 heavy crossbow "Sniper" {heavy, Acc+∞ SInv}
     1 | D        | Found the +10 dark maul {heavy}
     1 | D        | Found the +15 Maxwell's patent armour {-Cast -Tele rElec
                  | Will+ rCorr}
     1 | D        | Found the +18 shield of the Gong {Loud rN+ Will+ rCorr
                  | EV-5}
     1 | D        | Found the +16 obsidian axe {drain, demonic, Mesm ^Drain Fly
                  | SInv}
     1 | D        | Found the +7 great mace "Firestarter" {flame, immolate,
                  | rFlCloud rF++}
     1 | D        | Found the +6 shillelagh "Devastator" {shatter}
     1 | D        | Found the +11 plutonium sword {^Contam Stlth-}
     1 | D        | Found the +8 lance "Wyrmbane" {slay drac, rPois rF+ rC+
                  | AC+3}
     1 | D        | Found the +9 sword of Zonguldrok {reap}
     1 | D        | Found the +13 scythe of Curses {drain, curses, ^Drain}
     1 | D        | Found the +9 sword of Power {lifebolt}
     1 | D        | Found the +7 mace of Variability {chaos, chaos arc}
     1 | D        | Found the +11 Singing Sword {sonic wave}
     1 | D        | Found the +8 storm bow {elec, penet}
     3 | D        | Found a transporter.
     3 | D        | Found an ancient bone altar of Kikubaaqudgha.
     3 | D        | Found a viscous altar of Jiyva.
     3 | D        | Found a corrupted altar of Lugonu.
     3 | D        | Found a hazy altar of Hepliaklqana.
     3 | D        | Found a burning altar of Makhleb.
     3 | D        | Found an opulent altar of Gozag.
    84 | D        | Became a worshipper of the Wu Jian Council
    85 | D        | Reached skill level 3 in Evocations
    85 | D        | Reached XP level 2. HP: 24/24 MP: 2/2
    98 | D        | Entered arena 2.
    98 | D        | Noticed a crimson imp
    98 | D        | Found a transporter.
   100 | D        | Reached skill level 5 in Long Blades
   100 | D        | Reached skill level 4 in Evocations
   100 | D        | Reached XP level 3. HP: 30/30 MP: 3/3
   104 | D        | Reached XP level 4. HP: 37/37 MP: 4/4
   106 | D        | Entered arena 3.
   106 | D        | Noticed a weeping skull
   106 | D        | Noticed a weeping skull
   106 | D        | Found a transporter.
   109 | D        | Reached * piety under Wu Jian
   110 | D        | Killed a weeping skull
   111 | D        | Reached skill level 5 in Fighting
   111 | D        | Reached skill level 5 in Dodging
   111 | D        | Reached skill level 5 in Evocations
   111 | D        | Reached XP level 5. HP: 44/44 MP: 5/5
   113 | D        | Killed a weeping skull
   114 | D        | Reached skill level 5 in Armour
   114 | D        | Reached skill level 6 in Evocations
   118 | D        | Got the +7 falchion "Q" {spect, rF+ Dex+2}
   129 | D        | Entered arena 4.
   129 | D        | Found the +7 hand cannon "Mule" {flame, backblast, rF+}
   129 | D        | Noticed Sigmund
   129 | D        | Noticed Jessica
   129 | D        | Noticed Blork the orc
   129 | D        | Noticed Dowan
   129 | D        | Found a transporter.
   133 | D        | Killed Jessica
   133 | D        | Reached ** piety under Wu Jian
   133 | D        | Killed Dowan
   134 | D        | Reached skill level 7 in Evocations
   134 | D        | Reached XP level 6. HP: 21/52 MP: 6/6
   135 | D        | Killed Blork the orc
   137 | D        | Killed Sigmund
   138 | D        | Reached skill level 8 in Evocations
   138 | D        | Reached XP level 7. HP: 50/59 MP: 7/7
   167 | D        | Entered arena 5.
   167 | D        | Found a transporter.
   170 | D        | Reached *** piety under Wu Jian
   177 | D        | Entered arena 6.
   177 | D        | Noticed a deep elf pyromancer
   177 | D        | Noticed a deep elf archer
   177 | D        | Noticed a deep elf pyromancer
   177 | D        | Noticed a water elemental
   177 | D        | Noticed a fire elemental
   177 | D        | Found a transporter.
   178 | D        | Noticed a fire elemental
   178 | D        | Noticed a fire elemental
   180 | D        | Noticed a fire elemental
   180 | D        | Killed a deep elf pyromancer
   180 | D        | Reached **** piety under Wu Jian
   180 | D        | Killed a water elemental
   180 | D        | Killed a fire elemental
   181 | D        | Reached skill level 10 in Evocations
   181 | D        | Reached XP level 8. HP: 63/69 MP: 8/8
   181 | D        | Killed a deep elf archer
   182 | D        | Reached skill level 11 in Evocations
   183 | D        | Killed a deep elf pyromancer
   184 | D        | Reached skill level 10 in Long Blades
   184 | D        | Reached XP level 9. HP: 65/77 MP: 9/9
   187 | D        | Got the +0 cloak "Osant" {Dex+2}
   222 | D        | Entered arena 7.
   222 | D        | Noticed a wind drake
   222 | D        | Paralysed by an air elemental for 1 turns
   223 | D        | Found a transporter.
   224 | D        | Reached ***** piety under Wu Jian
   224 | D        | Reached skill level 12 in Evocations
   224 | D        | Paralysed by an air elemental for 1 turns
   226 | D        | Paralysed by an air elemental for 1 turns
   229 | D        | Killed a wind drake
   230 | D        | Reached skill level 10 in Fighting
   238 | D        | Acquired a +1 pair of gloves of hurling
   349 | D        | Entered arena 8.
   349 | D        | Noticed a wind drake
   349 | D        | Noticed a wind drake
   349 | D        | Paralysed by an air elemental for 1 turns
   351 | D        | Found a transporter.
   351 | D        | Reached skill level 13 in Evocations
   351 | D        | Reached XP level 10. HP: 80/86 MP: 10/10
   351 | D        | Reached ****** piety under Wu Jian
   351 | D        | Reached skill level 10 in Dodging
   354 | D        | Reached skill level 10 in Armour
   356 | D        | Got Binus's Guide on Gathered Scree
   433 | D        | Entered arena 9.
   434 | D        | Found a transporter.
   436 | D        | Reached skill level 14 in Evocations
   539 | D        | Entered arena 10.
   540 | D        | Found a transporter.
   551 | D        | Entered arena 11.
   551 | D        | Noticed Edmund
   551 | D        | Noticed Gastronok
   551 | D        | Noticed Grum
   551 | D        | Noticed Grinder
   551 | D        | Noticed Harold
   551 | D        | Noticed Ijyb
   551 | D        | Noticed Joseph
   551 | D        | Noticed Maurice
   551 | D        | Noticed Menkaure
   554 | D        | Found a transporter.
   557 | D        | Identified the +8 morningstar of Chaos {heavy, rPois rF+
                  | rCorr Dex-2}
   557 | D        | Killed Grinder
   557 | D        | Killed Grum
   557 | D        | Killed Menkaure
   558 | D        | Killed Edmund
   558 | D        | Killed Ijyb
   558 | D        | Killed Harold
   558 | D        | Killed Joseph
   559 | D        | Killed Maurice
   559 | D        | Killed Gastronok
   560 | D        | Reached XP level 11. HP: 19/95 MP: 11/11
   778 | D        | Entered arena 12.
   778 | D        | Noticed a vault guard
   778 | D        | Noticed a shadow dragon
   778 | D        | Noticed a stone giant
   778 | D        | Noticed a stone giant
   778 | D        | Noticed a stone giant
   778 | D        | Noticed a vault guard
   778 | D        | Noticed a vault guard
   779 | D        | Noticed a vault guard
   782 | D        | Noticed a vault guard
   784 | D        | Killed a vault guard
   784 | D        | Reached skill level 15 in Evocations
   784 | D        | Killed a vault guard
   786 | D        | Found a transporter.
   789 | D        | Killed a vault guard
   789 | D        | Killed a shadow dragon
   789 | D        | Killed a vault guard
   789 | D        | Killed a stone giant
   789 | D        | Hit by a large rock thrown by a stone giant

Illustrated notes

Levels and vault maps discovered:
D:        sprint_v [room_start, room_1, room_2, room_3, room_4, room_5, room_6,
          room_7, room_8, room_9, room_10, room_11, room_12, room_13, room_14,
          room_15, room_16, room_17, room_18, room_19, room_20, room_21,
          room_22, room_23, room_24, room_25, room_26, room_27]

Skill      XL: |  1  2  3  4  5  6  7  8  9 10 11 |
---------------+----------------------------------+-----
Fighting       | 3 4 5 6 8 9 10 11 12 | 12.3
Long Blades    | 4 5 6 7 9 10 11 12 | 12.8
Armour         | 3 4 5 6 7 8 9 11 | 11.4
Dodging        | 3 4 5 6 8 9 11 | 11.6
Evocations     | 3 4 5 7 8 10 11 13 14 15 | 15.5
Throwing       | |  1.7

Action                     |  1- 3 |  4- 6 |  7- 9 | 10-12 || total
---------------------------+-------+-------+-------+-------++-------
  Melee: Double sword      |     4 |     9 |    19 |    29 ||    61
         Dagger            |     3 |     4 |       |       ||     7
         Falchion          |       |     6 |    18 |    15 ||    39
         Scimitar          |       |       |       |    13 ||    13
 Invoke: Serpent's Lash    |       |       |     2 |     3 ||     5
         Heavenly Storm    |       |       |       |     2 ||     2
Ability: Lunge             |     2 |       |     3 |     3 ||     8
         Whirlwind         |       |     4 |    12 |    16 ||    32
         Wall Jump         |       |       |     1 |     4 ||     5
  Evoke: Wand              |       |       |     1 |       ||     1
         Box of beasts     |       |       |       |     2 ||     2
    Use: Potion            |     1 |     1 |     2 |     6 ||    10
         Scroll            |       |       |     1 |     1 ||     2
 Armour: Gold dragon scale |     2 |     8 |    36 |    38 ||    84
  Dodge: Dodged            |       |       |     1 |     6 ||     7

Table legend: (Time is in decaauts)
 A = Elapsed time spent in this place.
 B = Non-inter-level travel time spent in this place.
 C = Inter-level travel time spent in this place.
 D = Time resting spent in this place.
 E = Time spent auto-exploring this place.
 F = Levels seen in this place.
 G = Mean time per level.
                   A        B        C        D        E       F      G
               +--------+--------+--------+--------+--------+-----+--------+
         Total |    793 |    793 |      0 |    483 |      0 |   1 |  793.0 |
       Dungeon |    793 |    793 |      0 |    483 |      0 |   1 |  793.0 |
               +--------+--------+--------+--------+--------+-----+--------+

Top non-repeatable levels by time:
       D: 793 daAuts
